 Dungeon Crawl Stone Soup version 0.19.4 (webtiles) character file.

116 Minion the Sneak (level 5, -18/38 HPs)
             Began as a Formicid Assassin on Feb 1, 2017.
             Demolished by a hill giant
             ... wielding a +0 giant spiked club
              (23 damage)
             ... on level 15 of the Dungeon.
             The game lasted 00:03:19 (992 turns).

Minion the Sneak (Formicid Assassin)                 Turns: 992, Time: 00:03:19

Health: -18/38     AC:  3    Str: 16    XL:     5   Next: 20%
Magic:  5/5        EV: 11    Int: 10    God:
Gold:   22         SH:  0    Dex: 13    Spells: 0 memorised, 4 levels left

rFire  . . .     SeeInvis +     a - +2 dagger
rCold  . . .     Gourm    .     c - +0 robe
rNeg   . . .     Faith    .     (no shield)
rPois  .         Spirit   .     (helmet unavailable)
rElec  .         Reflect  .     d - +0 cloak
rCorr  .         Harm     .     (no gloves)
MR     .....                    (no boots)
Stlth  ++++......               (no amulet)
                                (no ring)
                                (no ring)

@: no status effects
A: permanent stasis, dig shafts and tunnels, four strong arms, antennae 3
a: Dig, Shaft Self


You were on level 15 of the Dungeon.
You were not hungry.

You visited 2 branches of the dungeon, and saw 9 of its levels.

You collected 22 gold pieces.

Inventory:

Hand Weapons
 a - a +2 dagger (weapon)
 b - a +0 blowgun
Missiles
 e - 8 poisoned needles
 f - 2 curare-tipped needles
Armour
 c - a +0 robe (worn)
 d - a +0 cloak (worn)
Scrolls
 k - a scroll of noise {unknown}
 n - 2 scrolls of identify {unknown}
 o - a scroll of random uselessness {unknown}
Potions
 h - a potion of resistance {unknown}
 i - a potion of agility {unknown}
 j - a potion of haste {unknown}
 l - 2 potions of degeneration {unknown}


   Skills:
 - Level 2.1 Fighting
 - Level 2.0 Short Blades
 - Level 2.0 Throwing
 - Level 0.8 Dodging
 + Level 7.7 Stealth


You had 4 spell levels left.
You didn't know any spells.

Dungeon Overview and Level Annotations

Branches:
Dungeon (13/15)            Temple (1/1) D:4          Vaults (0/5) D:13
   Lair: D:8-11         Orc: D:9-12

Altars:
Cheibriados
Elyvilon
Fedhas
Makhleb
Nemelex Xobeh
Qazlal
Trog
Zin
The Shining One

Annotations:
D:4 Eustachio
D:13 Rupert


Innate Abilities, Weirdness & Mutations

You are under a permanent stasis effect.
You can dig through walls and to a lower floor.
Your four strong arms can wield two-handed weapons with a shield.
You have a pair of large antennae on your head. (SInv)


Message History

A hill giant comes into view. It is wielding a giant spiked club.
The hill giant shouts!
The hill giant hits you with a giant spiked club!!
Ouch! That really hurt!
* * * LOW HITPOINT WARNING * * *
Found 18 arrows.
You open the door.
A hill giant comes into view. It is wielding a giant club.
The hill giant shouts!
You found a teleport trap!
A bullfrog comes into view.
The teleport trap disappears.
The hill giant disappears!
The helpless bullfrog fails to defend itself.
You impale the bullfrog!!
You kill the bullfrog!
Your Stealth skill increases to level 7!
You have reached level 5!
The hill giant hits you with a giant spiked club!!
Ouch! That really hurt!
You die...

.... ...
####... .....
#...# #...#
#.†.# #.@.#
.######.C.#
...........#
...........#
...........####
........(....#
.............#
#####.........#
#...#.........#


You could see a hill giant.

Vanquished Creatures
  A bullfrog (D:15)
  A bullfrog skeleton (D:4)
  2 leopard geckos (D:1)
  A giant cockroach (D:1)
  4 goblins (D:1)
  3 hobgoblins
  3 bats (D:1)
  5 kobolds (D:1)
20 creatures vanquished.

Notes
Turn   | Place    | Note
-------+----------+-------------------------------------------
     0 | D:1      | Minion the Formicid Assassin began the quest for the Orb.
     0 | D:1      | Reached XP level 1. HP: 16/16 MP: 1/1
    41 | D:1      | Reached skill level 5 in Stealth
   271 | D:1      | Reached XP level 2. HP: 21/22 MP: 2/2
   770 | D:1      | Reached XP level 3. HP: 26/27 MP: 3/3
   774 | D:1      | Reached skill level 6 in Stealth
   777 | D:1      | You fall through a shaft!
   781 | D:2      | You fall through a shaft for 2 floors!
   783 | D:4      | Found a staircase to the Ecumenical Temple.
   789 | Temple   | Entered the Ecumenical Temple
   903 | D:4      | Noticed Eustachio
   911 | D:4      | Reached XP level 4. HP: 29/33 MP: 4/4
   914 | D:4      | You fall through a shaft for 3 floors!
   914 | D:7      | Noticed a hungry ghost
   917 | D:7      | You fall through a shaft for 2 floors!
   923 | D:9      | You fall through a shaft for 3 floors!
   938 | D:13     | Found a gate to the Vaults.
   938 | D:13     | Noticed a human
   938 | D:13     | Noticed an orc knight
   938 | D:13     | Noticed a human
   938 | D:13     | Noticed a human
   938 | D:13     | Noticed a human
   938 | D:13     | Noticed a human
   938 | D:13     | Noticed a human
   938 | D:13     | Noticed a human
   938 | D:13     | Noticed a human
   938 | D:13     | Noticed Rupert
   938 | D:13     | Noticed a vampire mosquito
   938 | D:13     | Noticed a human
   938 | D:13     | Noticed a human
   938 | D:13     | Noticed a human
   938 | D:13     | Noticed a human
   938 | D:13     | Noticed a human
   938 | D:13     | Noticed a human
   938 | D:13     | Noticed a human
   938 | D:13     | Noticed a centaur warrior
   938 | D:13     | Noticed a human
   938 | D:13     | Noticed a mottled dragon
   964 | D:12     | You fall through a shaft!
   969 | D:13     | Noticed an ice beast
   973 | D:13     | You fall through a shaft for 2 floors!
   973 | D:15     | Entered Level 15 of the Dungeon
   975 | D:15     | Noticed a hill giant
   980 | D:15     | Noticed a hill giant
   985 | D:15     | Noticed a bullfrog
   992 | D:15     | Killed a bullfrog
   992 | D:15     | Reached skill level 7 in Stealth
   992 | D:15     | Reached XP level 5. HP: 5/38 MP: 5/5
   992 | D:15     | Demolished by a hill giant

Skill      XL: |  1  2  3  4 |
---------------+-------------+-----
Stealth        | 5 6 7 |  7.7
Fighting       | |  2.1
Short Blades   | |  2.0
Throwing       | |  2.0
Dodging        | |  0.8

Action                   |  1- 3 |  4- 6 || total
-------------------------+-------+-------++-------
Melee: Dagger            |    71 |     1 ||    72
 Abil: Shaft Self        |     2 |     5 ||     7
 Stab: Sleeping          |     8 |     1 ||     9
  Eat: Bread ration      |       |     1 ||     1
Armor: Robe              |    11 |     1 ||    12
Dodge: Dodged            |    48 |     2 ||    50
